 Dungeon Crawl Stone Soup version 0.21-a0-82-gdb84782 (webtiles) character file.

1599 MackTheKnife the Zephyrmancer (level 8, -2/41 HPs)
             Began as a Tengu Air Elementalist on June 24, 2017.
             Was an Initiate of Sif Muna.
             Slain by Rrauwl's ghost (4 damage)
             ... on level 5 of the Dungeon.
             The game lasted 00:16:06 (5326 turns).

MackTheKnife the Zephyrmancer (TeAE)                Turns: 5326, Time: 00:16:07

Health: -2/41      AC:  3    Str: 14    XL:     8   Next: 94%
Magic:  5/18       EV: 15    Int: 18    God:    Sif Muna [......]
Gold:   106        SH:  0    Dex: 14    Spells: 1/19 levels left

rFire    + . .     SeeInvis .   m - +0 whip (elec)
rCold    + . .     Gourm    .   (no shield)
rNeg     . . .     Faith    .   u - +1 robe {rC+ rF+}
rPois    .         Spirit   .   (helmet restricted)
rElec    .         Reflect  .   (no cloak)
rCorr    .         Harm     +   (no gloves)
MR       .....                  (boots unavailable)
Stlth    ++........             l - amulet of harm
HPRegen  0.13/turn              (no ring)
MPRegen  0.16/turn              (no ring)

@: mighty, flying quickly and evasively, quick
A: beak, talons 3, able to fly 1
a: Renounce Religion


You were on level 5 of the Dungeon.
You worshipped Sif Muna.
Sif Muna was noncommittal.
You were hungry.

You visited 2 branches of the dungeon, and saw 6 of its levels.

You collected 106 gold pieces.

Inventory:

Hand Weapons
 m - a +0 whip of electrocution (weapon)
   (You took it off Pikel on level 5 of the Dungeon)
Armour
 u - a +1 robe of resistance (worn)
   (You took it off Sigmund on level 5 of the Dungeon)
Jewellery
 l - an amulet of harm (around neck)
   (You found it on level 2 of the Dungeon)
Wands
 q - a wand of disintegration (24/24)
   (You found it on level 4 of the Dungeon)
 x - a wand of disintegration (17/24)
   (You found it on level 5 of the Dungeon)
Scrolls
 d - 4 scrolls of remove curse
 i - a scroll of blinking {!r}
 r - a scroll of amnesia {unknown}
Potions
 e - a potion of cancellation {unknown}
 f - 2 potions of brilliance {unknown}
 h - a potion of heal wounds {unknown}
 j - 2 potions of magic
 s - a potion of lignification {unknown}
 v - a potion of agility
 w - a potion of curing
Books
 b - a book of Air
 t - a book of Misfortune
   (You found it on level 4 of the Dungeon)
Comestibles
 c - 3 bread rations {@e1}
 g - 7 fruits
 k - 3 meat rations {@e2}
 o - a royal jelly


   Skills:
 - Level 2.1 Dodging
 - Level 2.0 Stealth
 + Level 6.2 Spellcasting
 + Level 8.0 Conjurations
 + Level 9.3 Air Magic


You had one spell level left.
You knew the following spells:

 Your Spells              Type           Power        Failure   Level  Hunger
a - Static Discharge      Conj/Air       #####...     1%          3    ##.....
b - Airstrike             Air            #####.....   2%          4    ####...
c - Confuse               Hex            #.......     34%         3    ##.....
s - Swiftness             Chrm/Air       ###.....     2%          2    None
x - Lightning Bolt        Conj/Air       #####.....   10%         5    #####..
z - Shock                 Conj/Air       ####         1%          1    None


Dungeon Overview and Level Annotations

Branches:
Dungeon (5/15)             Temple (1/1) D:5

Altars:
Ashenzari
Cheibriados
Dithmenos
Elyvilon
Fedhas
Gozag
Hepliaklqana
Kikubaaqudgha
Nemelex Xobeh
Ru
Sif Muna
Trog
Uskayaw
Vehumet
Wu Jian
Xom
Yredelemnul
Zin

Shops:
D:5 ?

Annotations:
D:5 Rrauwl's ghost, novice GnWr


Innate Abilities, Weirdness & Mutations

You have a beak for a mouth.
You have claws for feet.
You can fly.


Message History

Eustachio casts a spell.
Eustachio blinks!
You now have 0/18 mp.
Okay, then.
Okay, then.
Eustachio mumbles some strange words.
Eustachio blinks!
A hound comes into view.
Okay, then.
Eustachio gestures wildly while chanting.
The hound bites you.
You take 1 damage, and have 40/41 hp.
You closely miss the hound. You claw the hound. You peck the hound.
The hound barely misses you.
Health restored: 41 You feel very mighty all of a sudden.
The hound barely misses you. The hound closely misses you.
You miss the hound. You claw the hound! Your peck misses the hound.
The hound bites you. The quokka barely misses you.
The hound closely misses you.
You take 3 damage, and have 38/41 hp.
You closely miss the hound. You claw the hound.
You kill the hound!
Sif Muna accepts your kill. The quokka barely misses you. x2
You hit Eustachio. Lightning courses through Eustachio!
You kill Eustachio!
Sif Muna accepts your kill.
The quokka disappears in a puff of smoke!
Your Conjurations skill increases to level 8!
p - a rapier of draining You see here a leather armour.
Drop what? 24/52 slots (_ for help) (? for menu, Esc to quit)
You drop a rapier of draining.
Drop what? 23/52 slots (_ for help) (? for menu, Esc to quit)
You drop a +1 robe.
You drop a +0 leather armour.
Rrauwl's ghost gestures wildly while chanting.
Rrauwl's ghost blinks!
Rrauwl's ghost gestures wildly while chanting.
Rrauwl's ghost blinks!
Items here: ) [[[ a +0 leather armour; a +1 robe; a rapier of draining; a leather armour You hit Rrauwl's ghost but do no damage.
Your kick misses Rrauwl's ghost.
Rrauwl's ghost hits you but does no damage.
You barely miss Rrauwl's ghost. Your kick misses Rrauwl's ghost.
Your peck misses Rrauwl's ghost. Rrauwl's ghost barely misses you.
You hit Rrauwl's ghost. You claw Rrauwl's ghost.
You peck Rrauwl's ghost, but do no damage.
Rrauwl's ghost casts a spell.
Rrauwl's ghost blinks!
Rrauwl's ghost gestures wildly while chanting.
Rrauwl's ghost blinks!
Rrauwl's ghost mumbles some strange words.
Rrauwl's ghost blinks!
Health restored: 41 You swoop lightly up into the air.
You feel very comfortable in the air.
You are feeling hungry.
You now have 3/18 mp.
Rrauwl's ghost casts a spell.
Rrauwl's ghost blinks!
Rrauwl's ghost casts a spell.
Rrauwl's ghost blinks!
Rrauwl's ghost casts a spell.
Rrauwl's ghost blinks!
Rrauwl's ghost gestures wildly while chanting.
Rrauwl's ghost blinks!
You hit Rrauwl's ghost. Your kick misses Rrauwl's ghost.
Rrauwl's ghost hits you.
You writhe in agony.
You take 4 damage, and have 37/41 hp.
You barely miss Rrauwl's ghost. Your peck misses Rrauwl's ghost.
Rrauwl's ghost closely misses you.
Rrauwl's ghost laughs crazily.
Rrauwl's ghost hits you.
You writhe in agony.
You take 3 damage, and have 34/41 hp.
You whack Rrauwl's ghost! Your kick misses Rrauwl's ghost.
Your peck misses Rrauwl's ghost. Rrauwl's ghost hits you!
You writhe in agony.
You take 9 damage, and have 25/41 hp.
MASSIVE DAMAGE!!
You miss Rrauwl's ghost. Your kick misses Rrauwl's ghost.
Rrauwl's ghost misses you.
You barely miss Rrauwl's ghost.
Rrauwl's ghost gestures wildly while chanting.
Rrauwl's ghost blinks!
You hit Rrauwl's ghost.
Lightning courses through Rrauwl's ghost!
Rrauwl's ghost hits you!
You take 11 damage, and have 14/41 hp.
MASSIVE DAMAGE!!
You completely miss Rrauwl's ghost. Rrauwl's ghost hits you.
* * * LOW HITPOINT WARNING * * *
You writhe in agony.
* * * LOW HITPOINT WARNING * * *
You take 5 damage, and have 9/41 hp.
Unknown command.
You hit Rrauwl's ghost. Rrauwl's ghost hits you.
* * * LOW HITPOINT WARNING * * *
You writhe in agony.
You die...

####### #.....# ###### #.....#
#..... ##.....# #..... ##......##
#.....
#########........###########....(
.................................
#.....###.........######..##.....
......##........@.# #...##.....
......#.#.......W.# #..###.....
#......#[#........# ###..# #.....
#.[...#...#.......###....# ##.###
#....#.....#......##...#####..##
#....#.≈≈≈.#.....∩......#......##
#....#≈...≈#.........##.........#
##...#≈._.≈#...#.#...............
.....#≈...≈#...#.....#...........


You could see Rrauwl's ghost.

Vanquished Creatures
  Pikel (D:5)
  Grinder (D:3)
  Sigmund (D:5)
  Eustachio (D:5)
  An ice beast (D:5)
  An ogre (D:5)
  A scorpion (D:4)
  A crimson imp (D:5)
  2 orc wizards (D:5)
  A quasit (D:4)
  2 hounds
  2 iguanas
  3 worker ants
  A hound zombie (D:5)
  6 adders
  An adder skeleton (D:4)
  3 worms
  3 dart slugs
  2 leopard geckos
  13 orcs
  5 giant cockroaches
  12 goblins
  4 hobgoblins
  5 jackals
  A quokka (D:5)
  A ball python (D:1)
  7 bats
  2 frilled lizards (D:1)
  6 kobolds
  4 rats
94 creatures vanquished.

Vanquished Creatures (others)
  A slave (D:5)
  3 orcs (D:5)
  A jackal skeleton (D:5)
5 creatures vanquished.

Grand Total: 99 creatures vanquished

Notes
Turn   | Place    | Note
-------+----------+-------------------------------------------
     0 | D:1      | MackTheKnife the Tengu Air Elementalist began the quest for the Orb.
     0 | D:1      | Reached XP level 1. HP: 10/10 MP: 4/4
    53 | D:1      | HP: 2/10 [dart slug/slug dart (4)]
   634 | D:1      | Reached XP level 2. HP: 15/15 MP: 4/6
   991 | D:1      | Learned a level 2 spell: Swiftness
  1106 | D:2      | Reached skill level 2 in Conjurations
  1113 | D:1      | Reached XP level 3. HP: 19/19 MP: 0/8
  1766 | D:2      | Reached skill level 3 in Spellcasting
  2078 | D:2      | Learned a level 3 spell: Static Discharge
  2093 | D:2      | Reached XP level 4. HP: 24/24 MP: 2/9
  2453 | D:3      | Reached skill level 3 in Conjurations
  2453 | D:3      | Reached skill level 5 in Air Magic
  2550 | D:3      | Found a faded altar of an unknown god.
  2680 | D:3      | Gained mutation: You can fly. [Tengu growth]
  2680 | D:3      | Reached XP level 5. HP: 28/28 MP: 11/11
  2836 | D:3      | Noticed Grinder
  2836 | D:3      | Killed Grinder
  2836 | D:3      | Reached skill level 4 in Spellcasting
  2836 | D:3      | Reached skill level 4 in Conjurations
  2836 | D:3      | Reached skill level 6 in Air Magic
  2836 | D:3      | Reached XP level 6. HP: 31/32 MP: 9/13
  3215 | D:4      | Found a shadowy altar of Dithmenos.
  3588 | D:4      | Reached skill level 5 in Conjurations
  3588 | D:4      | Reached XP level 7. HP: 36/36 MP: 7/14
  3756 | D:5      | Entered Level 5 of the Dungeon
  3760 | D:5      | Reached skill level 7 in Air Magic
  3769 | D:5      | Learned a level 4 spell: Airstrike
  3935 | D:5      | Found Igawkoku's Magic Scroll Emporium.
  4084 | D:5      | Noticed Rrauwl's ghost (novice GnWr)
  4213 | D:4      | Reached skill level 5 in Spellcasting
  4213 | D:4      | Reached skill level 6 in Conjurations
  4342 | D:5      | Noticed Pikel
  4345 | D:5      | Killed Pikel
  4345 | D:5      | Reached skill level 7 in Conjurations
  4345 | D:5      | Reached skill level 8 in Air Magic
  4345 | D:5      | Reached XP level 8. HP: 41/41 MP: 0/17
  4426 | D:5      | Learned a level 3 spell: Confuse
  4449 | D:5      | Noticed Eustachio
  4696 | D:4      | Learned a level 5 spell: Lightning Bolt
  4746 | D:5      | Noticed Sigmund
  4761 | D:5      | Killed Sigmund
  4946 | D:5      | Reached skill level 6 in Spellcasting
  4946 | D:5      | Reached skill level 9 in Air Magic
  5069 | D:5      | Found a staircase to the Ecumenical Temple.
  5077 | Temple   | Entered the Ecumenical Temple
  5191 | Temple   | Became a worshipper of Sif Muna the Loreminder
  5271 | D:5      | Found a sacrificial altar of Ru.
  5290 | D:5      | Killed Eustachio
  5290 | D:5      | Reached skill level 8 in Conjurations
  5325 | D:5      | HP: 10/41 [Rrauwl's ghost (4)]
  5326 | D:5      | HP: 2/41 [Rrauwl's ghost (7)]
  5326 | D:5      | Slain by Rrauwl's ghost

Vault maps used:
D:1:      tarquinn_simple_flora_water_d
D:2:      serial_curves, eino_curves_04, eino_curves_03, eino_curves_02
D:3:      chequers_ecumenical_altar_simple, uniq_grinder
D:4:      nicolae_dithmenos_through_a_glass_darkly
D:5:      nicolae_ru_awakened_eye, minmay_temple_entry_hall, first_bread,
          serial_shops, shop, grunt_decor_one_mirror, uniq_pikel, uniq_sigmund,
          uniq_eustachio
Temple:   nicolae_temple_elliptical

Skill      XL: |  1  2  3  4  5  6  7  8 |
---------------+-------------------------+-----
Conjurations   | 2 3 4 5 7 8 |  8.0
Spellcasting   | 3 4 5 6 |  6.2
Air Magic      | 5 6 8 9 |  9.3
Dodging        | |  2.1
Stealth        | |  2.0

Action                   |  1- 3 |  4- 6 |  7- 9 || total
-------------------------+-------+-------+-------++-------
Melee: Unarmed           |     3 |       |       ||     3
       Kick              |     6 |     3 |     8 ||    17
       Dagger            |    21 |       |       ||    21
       Peck              |     3 |       |     3 ||     6
       Short sword       |     5 |    24 |       ||    29
       Flail             |       |     3 |     2 ||     5
       Whip              |       |       |    27 ||    27
 Cast: Shock             |    69 |    51 |    18 ||   138
       Static Discharge  |       |     5 |     7 ||    12
       Airstrike         |       |       |    16 ||    16
       Lightning Bolt    |       |       |     3 ||     3
       Confuse           |       |       |     3 ||     3
 Abil: Fly               |       |       |     1 ||     1
  Use: Scroll            |     2 |     5 |     6 ||    13
       Potion            |       |       |     2 ||     2
 Stab: Sleeping          |     1 |       |       ||     1
  Eat: Chunk             |     4 |     5 |     4 ||    13
       Fruit             |       |       |     1 ||     1
       Bread ration      |       |       |     1 ||     1
Armor: Robe              |    17 |     7 |     5 ||    29
Dodge: Dodged            |    43 |    21 |    39 ||   103

Vault maps used:
D:1:      tarquinn_simple_flora_water_d
D:2:      serial_curves, eino_curves_04, eino_curves_03, eino_curves_02
D:3:      chequers_ecumenical_altar_simple, uniq_grinder
D:4:      nicolae_dithmenos_through_a_glass_darkly
D:5:      nicolae_ru_awakened_eye, minmay_temple_entry_hall, first_bread,
          serial_shops, shop, grunt_decor_one_mirror, uniq_pikel, uniq_sigmund,
          uniq_eustachio
Temple:   nicolae_temple_elliptical

Table legend:
 A = Turns spent in this place as a percentage of turns spent in the entire game.
 B = Non-inter-level travel turns spent in this place as a percentage of non-inter-level travel turns spent in the entire game.
 C = Inter-level travel turns spent in this place as a percentage of turns spent in this place.
 D = Turns resting spent in this place as a percentage of non-inter-level travel turns spent in this place.
 E = Turns spent auto-exploring this place as a percentage of non-inter-level travel turns spent in this place.
 F = Non-inter-level travel turns spent in this place divided by the number of levels of this place that you've seen.
                   A       B       C       D       E      F
               +-------+-------+-------+-------+-------+----------------------
         Total | 100.0 | 100.0 |   1.1 |   7.0 |  10.3 | 201.3
       Dungeon |  93.7 |  93.7 |   1.1 |   7.4 |  11.0 | 226.4
        Temple |   6.3 |   6.3 |   1.3 |   0.0 |   1.3 |  76.0
               +-------+-------+-------+-------+-------+----------------------

Table legend:
 A = Kills in this place as a percentage of kills in entire the game.
 B = Kills by you in this place as a percentage of kills by you in the entire game.
 C = Kills by friends in this place as a percentage of kills by friends in the entire game.
 D = Other kills in this place as a percentage of other kills in the entire game.
 E = Experience gained in this place as a percentage of experience gained in the entire game.
 F = Experience gained in this place divided by the number of levels of this place that you have seen.
                   A       B       C       D       E      F
               +-------+-------+-------+-------+-------+----------------------
         Total | 100.0 | 100.0 |  -nan |  -nan | 100.0 | 380.8
       Dungeon | 100.0 | 100.0 |  -nan |  -nan | 100.0 | 457.0
               +-------+-------+-------+-------+-------+----------------------
